 Dungeon Sprint DCSS version 0.28-a0-233-gb8ca4b6547 (webtiles) character file.

Game seed: 7212485696204479991

154 tbh1313 the Basher (level 5, -3/67 HPs)
             Began as a Minotaur Berserker on Aug 23, 2021.
             Was a Priest of Trog.
             Slain by a human (13 damage)
             ... in the Dungeon (Sprint III: "The Ten Rune Challenge").
             The game lasted 00:01:29 (482 turns).

tbh1313 the Basher (Minotaur Berserker)              Turns: 482, Time: 00:01:30

Health: -3/67      AC:  4    Str: 21    XL:     5   Next: 13%
Magic:  4/4        EV: 12    Int:  5    God:    Trog [***...]
Gold:   28         SH:  0    Dex: 10    Spells: 4/4 levels left

rFire   . . .      SeeInvis .   a - +0 mace
rCold   . . .      Faith    .   (no shield)
rNeg    . . .      Spirit   .   b - +0 animal skin
rPois   +          Reflect  .   (helmet restricted)
rElec   .          Harm     .   j - +1 cloak {rPois}
rCorr   .          Rampage  .   (no gloves)
Will    .....      NoTele   +   (no boots)
Stlth   ..........              (no amulet)
HPRegen 0.21/turn               (no ring)
MPRegen 0.09/turn               (no ring)

@: berserking (expiring), very quick
A: horns 2, retaliatory headbutt
a: Renounce Religion, Berserk, Trog's Hand


You were in the Dungeon.
You worshipped Trog.
Trog was most pleased with you.
You visited 1 branch You collected 28 gold pieces.

Inventory:

Hand Weapons
 a - a +0 mace (weapon)
Armour
 b - a +0 animal skin (worn)
 j - a +1 cloak of poison resistance (worn)
Scrolls
 h - a scroll of blinking
 k - a scroll of torment {unknown}
 l - 2 scrolls of identify {unknown}
 n - a scroll of holy word {unknown}
Potions
 c - a potion of curing
 d - a potion of heal wounds
 e - a potion of haste
 f - 2 potions of magic
 g - a potion of berserk rage
 i - 7 potions of mutation
 m - 3 potions of flight


   Skills:
 - Level 3.6 Fighting
 + Level 12.5 Maces & Flails
 - Level 2.4 Armour
 - Level 2.1 Dodging


You had 4 spell levels left.
You didn't know any spells.
Your spell library contained the following spells:

 Spells                   Type           Power      Damage    Failure   Level
 Passwall                 Tmut/Erth      0%         N/A       63%         2
 Sublimation of Blood     Necr           0%         N/A       63%         2
 Wereblood                Tmut           0%         N/A       63%         2
 Swiftness                Air            0%         N/A       85%         3
 Invisibility             Hex            0%         N/A       100%        6
 Summon Hydra             Summ           0%         N/A       100%        7


Dungeon Overview and Level Annotations

Branches:
Dungeon (1/1)

Altars:
Kikubaaqudgha
Okawaru
Sif Muna
Trog
Uskayaw
Vehumet
Wu Jian
Beogh


Innate Abilities, Weirdness & Mutations

You have a pair of horns on your head.
You reflexively headbutt those who attack you in melee.


Message History

You recover from your berserk rage.
There is a fountain of clear blue water here.
You start resting.
HP restored.
You open the door.
A human comes into view.
The human shouts!
Found a pair of boots.
Found five altars.
A human comes into view. It is wielding a +0 spear.
The human shouts!
The human drinks a potion.
The human seems to grow stronger.
The human drinks a potion.
The human goes berserk!
There is an open door here.
A red film seems to cover your vision as you go berserk!
You feel yourself moving faster!
You feel mighty!
The human hits you from afar with a +0 spear.
The human hits you.
The human hits you from afar with a +0 spear!
You hit the human but do no damage. Your headbutt misses the human.
The human barely misses you.
You closely miss the human.
The human hits you from afar with a +0 spear.
You closely miss the human.
The human hits you from afar with a +0 spear.
The human barely misses you.
You closely miss the human. Your headbutt misses the human.
The human hits you from afar with a +0 spear!
You barely miss the human. You headbutt the human!
The human is heavily wounded.
The human completely misses you.
The human hits you from afar with a +0 spear.
* * * LOW HITPOINT WARNING * * *
You closely miss the human. Your headbutt misses the human.
The human is heavily wounded.
You sock the human!
The human is almost dead.
The human hits you from afar with a +0 spear!
* * * LOW HITPOINT WARNING * * *
The human hits you!
You die...

▓▓▓▓▓▓ ▓▓▓ .....♣ ♣.#
##### .....♣♣ ♣♣.#
#___# ......♣ ♣..#
#_pp#
....≈♣♣♣♣..###+#@###+##
...≈≈.♣.♣..#..........#
).≈≈≈≈..♣♣.'.⌠........#
..≈≈≈≈≈≈♣♣.#...######+#
.≈≈≈≈≈≈....#.⌠.#
.≈≈≈≈≈.....#)..#
.≈≈≈.......#'###
...........#)..#
...........#___#


You could see 2 humans.

Levels and vault maps discovered:
D:        dungeon_sprint_mu [sprint_mu_entry_forest, sprint_mu_temple_rooms,
          sprint_mu_d1_spiders, sprint_mu_d2_genie, sprint_mu_d3_branching,
          sprint_mu_orc_legion, sprint_mu_elf_gauntlet, sprint_mu_hive_nellie,
          sprint_mu_lair_fedhas, sprint_mu_vaults_butterflies,
          sprint_mu_slime_circle, sprint_mu_swamp_cave, sprint_mu_snake_twists,
          sprint_mu_blade_basic, sprint_mu_crypt_chambers,
          sprint_mu_tomb_spiral, sprint_mu_vestibule_basic,
          sprint_mu_gehenna_hellfire, sprint_mu_dis_giant,
          sprint_mu_tartarus_statrot, sprint_mu_cocytus_islands, sprint_mu_zot1]

Notes
Turn   | Place    | Note
-------+----------+-------------------------------------------
     0 | D        | tbh1313 the Minotaur Berserker began the quest for the Orb.
     0 | D        | Reached XP level 1. HP: 19/19 MP: 0/0
     5 | D        | Reached skill level 4 in Maces & Flails
    20 | D        | Noticed Jessica
    23 | D        | Killed Jessica
    23 | D        | Reached ** piety under Trog
    24 | D        | Reached skill level 8 in Maces & Flails
    24 | D        | Reached XP level 2. HP: 15/26 MP: 1/1
    25 | D        | Reached XP level 3. HP: 18/31 MP: 2/2
   181 | D        | Reached skill level 9 in Maces & Flails
   223 | D        | Noticed Crazy Yiuf
   229 | D        | Killed Crazy Yiuf
   229 | D        | Reached *** piety under Trog
   230 | D        | Reached skill level 10 in Maces & Flails
   230 | D        | Reached XP level 4. HP: 39/39 MP: 3/3
   273 | D        | Noticed a water elemental
   276 | D        | Killed a water elemental
   277 | D        | Reached skill level 12 in Maces & Flails
   286 | D        | Found a radiant altar of Vehumet.
   286 | D        | Found a shimmering blue altar of Sif Muna.
   286 | D        | Found an ancient bone altar of Kikubaaqudgha.
   286 | D        | Noticed a wizard
   292 | D        | Killed a wizard
   293 | D        | Reached XP level 5. HP: 17/45 MP: 4/4
   473 | D        | Found a hide-covered altar of Uskayaw.
   473 | D        | Found an iron altar of Okawaru.
   473 | D        | Found a bloodstained altar of Trog.
   473 | D        | Found an ornate altar of the Wu Jian Council.
   473 | D        | Noticed a human
   474 | D        | Noticed a human
   482 | D        | Slain by a human

Table legend: (Time is in decaauts)
 A = Elapsed time spent in this place.
 B = Non-inter-level travel time spent in this place.
 C = Inter-level travel time spent in this place.
 D = Time resting spent in this place.
 E = Time spent auto-exploring this place.
 F = Levels seen in this place.
 G = Mean time per level.
                   A        B        C        D        E       F      G
               +--------+--------+--------+--------+--------+-----+--------+
         Total |    511 |    511 |      0 |    216 |    150 |   1 |  511.0 |
       Dungeon |    511 |    511 |      0 |    216 |    150 |   1 |  511.0 |
               +--------+--------+--------+--------+--------+-----+--------+

Top non-repeatable levels by time:
       D: 511 daAuts

Table legend:
 A = Kills in this place as a percentage of kills in entire the game.
 B = Kills by you in this place as a percentage of kills by you in the entire game.
 C = Kills by friends in this place as a percentage of kills by friends in the entire game.
 D = Other kills in this place as a percentage of other kills in the entire game.
 E = Experience gained in this place as a percentage of experience gained in the entire game.
 F = Experience gained in this place divided by the number of levels of this place that you have seen.
                   A       B       C       D       E      F
               +-------+-------+-------+-------+-------+----------------------
         Total | 100.0 | 100.0 |   N/A |   N/A | 100.0 | 220.0
       Dungeon | 100.0 | 100.0 |   N/A |   N/A | 100.0 | 220.0
               +-------+-------+-------+-------+-------+----------------------

Action                   |  1- 3 |  4- 6 || total
-------------------------+-------+-------++-------
Melee: Mace              |    14 |    13 ||    27
       Headbutt          |     3 |     4 ||     7
Invok: Berserk           |     2 |     2 ||     4
Armor: Animal skin       |     1 |       ||     1
Dodge: Dodged            |     9 |     7 ||    16

Vanquished Creatures
  A water elemental (D)
  Crazy Yiuf (D)
  Jessica (D)
  A kobold demonologist (D)
  A human (D)
  An endoplasm (D)
  2 rats (D)
8 creatures vanquished.

Vanquished Creatures (others)
  A wizard (D)
  A plant (D)
2 creatures vanquished.

Grand Total: 10 creatures vanquished
